 Dungeon Crawl Stone Soup version 0.26.0-15-gc6cd9f700b (webtiles) character file.

Game seed: 8709041157239661291

173 FreshCat the Slinger (level 5, -1/35 HPs)
             Began as a Halfling Hunter on Jan 16, 2021.
             Slain by an adder (3 damage)
             ... on level 3 of the Dungeon.
             The game lasted 00:15:27 (2947 turns).

FreshCat the Slinger (Halfling Hunter)              Turns: 2947, Time: 00:15:28

Health: -1/35      AC:  4    Str: 14    XL:     5   Next: 83%
Magic:  5/5        EV: 14    Int:  9    God:
Gold:   152        SH:  0    Dex: 15    Spells: 4/4 levels left

rFire    . . .     SeeInvis .   b - +0 dagger
rCold    . . .     Faith    .   (shield restricted)
rNeg     . . .     Spirit   .   c - +0 leather armour
rPois    .         Reflect  .   e - +0 helmet
rElec    .         Harm     .   (no cloak)
rCorr    .         Rampage  .   (no gloves)
Will     .....                  (no boots)
Stlth    ++........             (no amulet)
HPRegen  0.11/turn              (no ring)
MPRegen  0.09/turn              (no ring)

@: brilliant, lethally poisoned (-1 -> -6), attractive, hasted, very quick
A: small, mutation resistance 1
a: no special abilities


You were on level 3 of the Dungeon.
You visited 1 branch of the dungeon, and saw 4 of its levels.

You collected 152 gold pieces.

Inventory:

Hand Weapons
 a - a +1 hunting sling
 b - a +0 dagger (weapon)
Missiles
 d - 31 sling bullets
 f - 88 stones
 h - 11 poisoned darts (quivered)
 m - 3 atropa-tipped darts
Armour
 c - a +0 leather armour (worn)
 e - a +0 helmet (worn)
Jewellery
 v - an uncursed ring of positive energy {unknown}
Wands
 u - a wand of digging (1)
Scrolls
 g - a scroll of identify
 i - 4 scrolls of enchant weapon {unknown}
 j - 2 scrolls of magic mapping {unknown}
 k - a scroll of teleportation {unknown}
 l - 2 scrolls of immolation {unknown}
 n - a scroll of fear {unknown}
 o - 2 scrolls of noise {unknown}
 p - 2 scrolls of enchant armour {unknown}
 s - a scroll of amnesia {unknown}
Potions
 r - a potion of attraction


   Skills:
 + Level 2.4 Fighting
 + Level 1.1 Short Blades
 + Level 8.2 Slings
 + Level 2.0 Armour
 + Level 2.3 Dodging
 + Level 1.2 Stealth


You had 4 spell levels left.
You didn't know any spells.
Your spell library was empty.

Dungeon Overview and Level Annotations

Branches:
Dungeon (4/15)
 Temple: D:4-7

Altars:
Gozag
Qazlal
Ru
Vehumet
Zin


Innate Abilities, Weirdness & Mutations

You are small and have problems with some larger weapons.
You are somewhat resistant to further mutation.


Message History

You are lethally poisoned!
The adder poisons you!
It was a potion of attraction.
You feel attractive to monsters.
* * * LOW HITPOINT WARNING * * *
You feel sick. The adder closely misses you. The adder barely misses you.
It was a potion of haste.
You feel yourself speed up. The adder bites you.
* * * LOW HITPOINT WARNING * * *
It was a potion of brilliance.
You feel clever all of a sudden.
* * * LOW HITPOINT WARNING * * *
You feel sick. The adder misses you.
You hit the adder but do no damage.
The adder is almost dead.
The adder misses you.
You closely miss the adder.
The adder is almost dead.
* * * LOW HITPOINT WARNING * * *
You feel sick. The adder bites you.
You die...

###.#...####.........##.#...##.#
...........'.........'.......#
###.#...####.........##.#...##.#
#....## ##.......###........#
####.# ##.....## ########.# #.#
##...## .. #.# ####'### #.
#......# #.##@#.# # #S#.# ?(. #
.(... .#....# #.##(#.. # ###...
.###


You could see an adder.

Vanquished Creatures
  Robin (D:2)
  6 adders
  2 gnolls
  2 oozes
  An adder skeleton (D:3)
  A worm (D:3)
  A dart slug (D:1)
  A leopard gecko (D:1)
  4 orcs
  2 giant cockroaches (D:1)
  15 goblins
  7 hobgoblins
  2 jackals (D:1)
  A quokka (D:2)
  2 ball pythons (D:1)
  8 bats
  3 frilled lizards
  5 kobolds
  6 rats
70 creatures vanquished.

Notes
Turn   | Place    | Note
-------+----------+-------------------------------------------
     0 | D:1      | FreshCat the Halfling Hunter began the quest for the Orb.
     0 | D:1      | Reached XP level 1. HP: 14/14 MP: 1/1
    34 | D:1      | Reached skill level 6 in Slings
   266 | D:1      | Reached XP level 2. HP: 19/19 MP: 2/2
   520 | D:1      | Reached XP level 3. HP: 24/24 MP: 3/3
   529 | D:1      | Reached skill level 1 in Armour
   897 | D:1      | Reached skill level 7 in Slings
  1048 | D:2      | Reached XP level 4. HP: 25/29 MP: 4/4
  1606 | D:2      | Found a radiant altar of Vehumet.
  1608 | D:2      | Noticed Robin
  1617 | D:2      | Killed Robin
  1674 | D:2      | Reached XP level 5. HP: 34/34 MP: 5/5
  1990 | D:2      | Found a sacrificial altar of Ru.
  1990 | D:2      | Found a stormy altar of Qazlal.
  2404 | D:3      | Found a glowing silver altar of Zin.
  2429 | D:3      | Reached skill level 8 in Slings
  2449 | D:3      | Found an opulent altar of Gozag.
  2646 | D:3      | Reached skill level 1 in Short Blades
  2947 | D:3      | Slain by an adder

Illustrated notes

Levels and vault maps discovered:
D:1:      erik_arrival_orb_chamber, layout_basic, serial_bayou_lagoon_a,
          st_stairs_1, minmay_shallow_snake_nest
D:2:      layout_loops_ring, gammafunk_temple_overflow_elements,
          old_standard_altar, uniq_robin
D:3:      layout_loops_corners, pdpol_temple_overflow_zin_treasury_gozag_greed,
          kennysheep_jessica_study
D:4:      layout_rooms, kennysheep_mini, gammafunk_ghost_grave,
          kennysheep_generic_room_13

Skill      XL: |  1  2  3  4  5 |
---------------+----------------+-----
Slings         | 6 7 8 |  8.2
Armour         | 1 2 |  2.0
Fighting       | 2 |  2.4
Short Blades   | 1 |  1.1
Dodging        | |  2.3
Stealth        | |  1.2

Action                   |  1- 3 |  4- 6 || total
-------------------------+-------+-------++-------
Melee: Short sword       |     8 |     4 ||    12
       Dagger            |       |   113 ||   113
 Fire: Hunting sling     |    64 |    79 ||   143
  Use: Scroll            |     2 |       ||     2
       Potion            |       |     4 ||     4
Armor: Leather armour    |     4 |    14 ||    18
Dodge: Dodged            |    14 |    73 ||    87
